 Dungeon Crawl Stone Soup version 0.30-a0-757-ga6a79fd877 (webtiles) character file.

Game seed: 5140049314249336211

9 Esekla the Sneak (level 2, 21/21 HPs)
             Began as an Octopode Delver on Feb 9, 2023.
             Quit the game on level 5 of the Dungeon.
             The game lasted 00:01:59 (194 turns).

Esekla the Sneak (Octopode Delver)                   Turns: 194, Time: 00:01:59

Health: 21/21      AC:  1    Str: 11    XL:     2   Next: 16%
Magic:  2/2        EV: 13    Int: 12    God:
Gold:   11         SH:  0    Dex: 13    Spells: 1/1 levels left

rFire   . . .      SeeInvis .    a - +0 falchion
rCold   . . .      Faith    .    (no shield)
rNeg    . . .      Spirit   .    (helmet restricted)
rPois   .          Reflect  .    g - amulet of regeneration
rElec   .          Harm     .    (no ring)
rCorr   .          Rampage  .    (no ring)
Will    .....                    (no ring)
Stlth   ++++                     (no ring)
HPRegen 1.03/turn                (no ring)
MPRegen 0.08/turn                (no ring)
                                 (no ring)
                                 (no ring)

@: hasted, very quick
A: almost no armour, amphibious, 8 rings, camouflage 1, gelatinous body 1,
(nimble swimmer 1), tentacles
a: no special abilities


You were on level 5 of the Dungeon.
You visited 1 branch of the dungeon, and saw 1 of its levels.

You collected 11 gold pieces.

Inventory:

Hand Weapons
 a - a +0 falchion (weapon)
Jewellery
 g - an amulet of regeneration (around mantle)
Wands
 f - a wand of digging (3)
Scrolls
 b - a scroll of fog
Potions
 c - a potion of cancellation {unknown}


   Skills:
 + Level 3.0 Fighting
 + Level 2.0 Long Blades
 + Level 2.1 Dodging
 + Level 7.1 Stealth


You had one spell level left.
You didn't know any spells.
Your spell library was empty.

Dungeon Overview and Level Annotations

Branches:
Dungeon (5/15)
 Temple: D:4-7

Altars:

Shops:
D:5 (

Annotations:
D:5 Edmund, Menkaure


Innate Abilities, Weirdness & Mutations

You cannot wear most types of armour.
You are amphibious.
You can wear up to eight rings at the same time.
Your skin changes colour to match your surroundings (Stealth+).
Your rubbery body absorbs attacks. (AC +1, EV +1)
((You are camouflaged when in or above water. (Stealth+)))
You have tentacles for arms and can constrict up to eight enemies at once.


Message History

An ice beast comes into view.
An adder comes into view.
A scorpion comes into view.
Found a glowing rapier.
The helpless adder fails to defend itself.
You hit the adder. Your grab misses the adder.
The adder is heavily wounded.
The adder completely misses you. The adder misses you.
You barely miss the adder. You grab the adder. You squeeze the adder.
The adder is almost dead.
You constrict the adder. The adder barely misses you.
You hit the adder.
You kill the adder!
The scorpion stings you!
Ouch! That really hurt!
Your Stealth skill increases to level 7!
You have reached level 2!
As you read the scroll of fear, it crumbles to dust.
You assume a fearsome visage.
The scorpion looks frightened!
Menkaure, Prince of Dust comes into view.
Menkaure shouts!
Menkaure sighs a few words.
Menkaure gestures at you while chanting.
Pain shoots through your body!
Menkaure murmurs, "From dust you came, to dust you will return."
Menkaure calls on the powers of darkness!
Your body is wracked with pain!
You feel yourself speed up.
Edmund the Younger comes into view.
He is wielding a +1 heavy flail.
Found an escape hatch in the floor.
Edmund shouts!
Found a stone staircase leading down.
Found Lotsus's Weapon Emporium.
Found 7 stones.
Found a stone staircase leading up.
Found a spear and a scroll labelled AGHOHI MACVIMA.
A white imp comes into view.
The white imp shouts!
There is an entrance to Lotsus's Weapon Emporium here.
The white imp shouts, "Decamp, thou grime-gilt swag-bellied puttock!"
Are you sure you want to abandon this character and quit the game? (Confirm with "yes".)

######### #..@....#
######### ########.#####.#
#.......# #......#.####*,*
#.####...
#...........##Y####.####..#
#...?.)#..#................
#..<......####.####.####...
#.......s......* #.####...
#....∩....#####* #.......#
###.......# #########


There were no monsters in sight!

Vanquished Creatures
  An adder (D:5)
1 creature vanquished.

Notes
Turn   | Place    | Note
-------+----------+-------------------------------------------
     0 | D:5      | Esekla the Octopode Delver began the quest for the Orb.
     0 | D:5      | Reached XP level 1. HP: 16/16 MP: 1/1
     8 | D:5      | Noticed a necrophage
   112 | D:5      | Noticed an ice beast
   138 | D:5      | Noticed a scorpion
   144 | D:5      | Reached skill level 7 in Stealth
   144 | D:5      | Reached XP level 2. HP: 10/21 MP: 2/2
   147 | D:5      | Noticed Menkaure
   164 | D:5      | Noticed Edmund
   178 | D:5      | Found Lotsus's Weapon Emporium.
   194 | D:5      | Quit the game

Illustrated notes

Levels and vault maps discovered:
D:5:      layout_loops_cross, nicolae_stop_n_shop_1, uniq_edmund, uniq_menkaure

Skill      XL: |  1 |
---------------+----+-----
Stealth        | 7 |  7.1
Fighting       | |  3.0
Long Blades    | |  2.0
Dodging        | |  2.1

Action                     || total
---------------------------++-------
  Melee: Falchion          ||     3
         Constrict         ||     1
         Tentacles         ||     1
    Use: Scroll            ||     2
         Potion            ||     1
   Stab: Sleeping          ||     1
  Dodge: Dodged            ||     3

Table legend: (Time is in decaauts)
 A = Elapsed time spent in this place.
 B = Non-inter-level travel time spent in this place.
 C = Inter-level travel time spent in this place.
 D = Time resting spent in this place.
 E = Time spent auto-exploring this place.
 F = Levels seen in this place.
 G = Mean time per level.
                   A        B        C        D        E       F      G
               +--------+--------+--------+--------+--------+-----+--------+
         Total |    183 |    183 |      0 |      0 |      0 |   1 |  183.0 |
       Dungeon |    183 |    183 |      0 |      0 |      0 |   1 |  183.0 |
               +--------+--------+--------+--------+--------+-----+--------+

Top non-repeatable levels by time:
     D:5: 183 daAuts
